AoeStats
← Simple Jack, u mad?

Arena

504490304Analyzed
4v4 RM · 28d ago on Sep 5, 2026· 20m 25s· 8 players
Game mode
Random Map
Map size
Large (8 player)
Population
200
Speed
Normal
Resources
Standard
Victory
Conquest
Starting age
Dark Age
Ending age
Imperial Age
RankedLock teamsTeams togetherTeam positionsShared explorationLock speedFull tech treeHidden civsTurbo modeCheats
Victory
Defeat
🇷🇺 Italians · Russia
1797
+7
🇹🇼 Romans · Taiwan
1688
+11
🇸🇪 Persians · Sweden
1626
+12
🇹🇼 Khmer · Taiwan
1626
+13
🇨🇴 Mongols · Colombia
1611
-12
🇧🇪 Gurjaras · Belgium
1602
-12
🇺🇾 Malians · Uruguay
1548
-10
🇨🇳 Cumans · China
1501
-9
2KM1
9:04 Feudal Age
8:20 Loom
13:07 Castle Age
12:05 Double-Bit Axe
Simple Jack, u mad?
10:41 Feudal Age
14:59 Castle Age
13:13 Double-Bit Axe
13:11 Horse Collar
16:24 Bow Saw
16:55 Heavy Plow
YanShiba
11:19 Feudal Age
14:40 Castle Age
13:15 Double-Bit Axe
13:43 Horse Collar
15:21 Light Cavalry
17:50 Scale Barding Armor
18:49 Bow Saw
PLEBUSHEK
10:36 Feudal Age
14:47 Castle Age
13:05 Double-Bit Axe
13:07 Horse Collar
15:43 Bow Saw
15:23 Loom
18:15 Fletching
JOLIAT
11:37 Feudal Age
15:18 Castle Age
14:05 Horse Collar
14:11 Double-Bit Axe
16:14 Bow Saw
17:08 Loom
18:48 Fletching
FMG | Sawasha Takohida
10:27 Feudal Age
14:15 Castle Age
13:26 Double-Bit Axe
15:15 Horse Collar
hoot
9:11 Feudal Age
9:42 Loom
10:48 Double-Bit Axe
10:44 Horse Collar
17:23 Wheelbarrow
bullseyes
11:00 Feudal Age
14:32 Castle Age
12:54 Double-Bit Axe
13:04 Horse Collar
15:44 Bow Saw
18:05 Loom
Connection lost

Rejoining the realm…

Still unreachable

The connection could not be restored.

Session expired

The server has moved on; the page needs a fresh start.